 Dungeon Crawl Stone Soup version 0.19.0-2-gae57169 (webtiles) character file.

32 kae the Skirmisher (level 3, 30/30 HPs)
             Began as a Formicid Fighter on Nov 5, 2016.
             Was a Follower of Jiyva.
             Quit the game on level 2 of the Dungeon.
             The game lasted 00:01:04 (1066 turns).

kae the Skirmisher (Formicid Fighter)               Turns: 1066, Time: 00:01:04

Health: 30/30      AC:  6    Str: 21    XL:     3   Next: 45%
Magic:  3/3        EV:  7    Int:  7    God:    Jiyva [*.....]
Gold:   108        SH:  9    Dex: 10    Spells: 0 memorised, 2 levels left

rFire  . . .     SeeInvis +     a - +0 flail
rCold  . . .     Gourm    .     b - +0 scale mail
rNeg   . . .     Faith    .     c - +0 shield
rPois  .         Spirit   .     (helmet unavailable)
rElec  .         Reflect  .     (no cloak)
rCorr  .         Harm     .     (no gloves)
MR     .....                    (no boots)
Stlth  ..........               (no amulet)
                                (no ring)
                                (no ring)

@: no status effects
A: permanent stasis, dig shafts and tunnels, four strong arms, antennae 3
a: Dig, Shaft Self, Request Jelly, Renounce Religion


You were on level 2 of the Dungeon.
You worshipped Jiyva.
Jiyva was aware of your devotion.
You were not hungry.

You visited 1 branch of the dungeon, and saw 2 of its levels.

You collected 108 gold pieces.

Inventory:

Hand Weapons
 a - a +0 flail (weapon)
Armour
 b - a +0 scale mail (worn)
 c - a +0 shield (worn)
Jewellery
 k - an uncursed ring of magical power {unknown}
 m - an uncursed amulet of rage {unknown}
Scrolls
 e - a scroll of amnesia {unknown}
 i - a scroll of remove curse {unknown}
 j - 2 scrolls of identify {unknown}
 o - a scroll of recharging {unknown}
 p - a scroll of enchant armour {unknown}
 q - a scroll of teleportation {unknown}
 r - a scroll of immolation {unknown}
Potions
 d - 2 potions of might
 l - a potion of brilliance {unknown}
 n - a potion of heal wounds {unknown}
Comestibles
 f - a bread ration
 g - 3 fruits
 h - a royal jelly


   Skills:
 + Level 3.8 Fighting
 * Level 3.1 Maces & Flails
 - Level 3.2 Armour
 - Level 3.6 Shields


You had 2 spell levels left.
You didn't know any spells.

Dungeon Overview and Level Annotations

Branches:
Dungeon (2/15)

Altars:
Ru
Jiyva


Innate Abilities, Weirdness & Mutations

You are under a permanent stasis effect.
You can dig through walls and to a lower floor.
Your four strong arms can wield two-handed weapons with a shield.
You have a pair of large antennae on your head. (SInv)


Message History

No target in view!
Found a faded altar of an unknown god.
No target in view!
No target in view!
Found a sacrificial altar of Ru.
No target in view!
No target in view!
No target in view!
No target in view!
No target in view!
No target in view!
Found a faded altar of an unknown god.
No target in view!
No target in view!
There is a faded altar of an unknown god here.
You cannot tell which god this altar belongs to.
Convert to them anyway?
Jiyva accepts your prayer! Jiyva welcomes you! Jiyva grants you a jelly!
You can now request a jelly.
Are you sure you want to abandon this character and quit the game? (Confirm with "yes".)

### ##@## ## #....
####...#### ...#....
##.........# #.#....
###..##...##..# #......
#_..###_._# .._ #.....
###..#######..####
#....
##.....†...##..####...†
#####.#####.....##....
#'#.......#.......


There were no monsters in sight!

Vanquished Creatures
  A worm (D:2)
  A dart slug (D:1)
  3 leopard geckos (D:1)
  5 hobgoblins
  5 bats
  4 frilled lizards (D:1)
  A goblin (D:1)
  2 kobolds (D:1)
  4 rats
26 creatures vanquished.

Notes
Turn   | Place    | Note
-------+----------+-------------------------------------------
     0 | D:1      | kae the Formicid Fighter began the quest for the Orb.
     0 | D:1      | Reached XP level 1. HP: 18/18 MP: 1/1
   117 | D:1      | Reached XP level 2. HP: 11/24 MP: 2/2
   761 | D:1      | Reached XP level 3. HP: 18/29 MP: 3/3
  1052 | D:2      | Found a faded altar of an unknown god.
  1052 | D:2      | Found a faded altar of an unknown god.
  1058 | D:2      | Found a faded altar of an unknown god.
  1060 | D:2      | Found a sacrificial altar of Ru.
  1062 | D:2      | Found a faded altar of an unknown god.
  1066 | D:2      | Became a worshipper of Jiyva Jihef the Shapeless
  1066 | D:2      | Reached * piety under Jiyva
  1066 | D:2      | Quit the game

Skill      XL: |  1  2  3 |
---------------+----------+-----
Maces & Flails | 3 |  3.1
Fighting       | |  3.8
Armour         | |  3.2
Shields        | |  3.6

Action                   || total
-------------------------++-------
Melee: Flail             ||   117
  Eat: Chunk             ||     1
Armor: Scale mail        ||    97
Dodge: Dodged            ||    49
Block: Shield            ||    79
